cohdb
Replays
Latest Replays
All Replays
Popular Replays
Top Player Replays
Match Explorer
How It Works
Community
CoH3 Stats
Reddit
Sign in to upload your games and track your stats! →
Sign in with Steam
Match 43688301
Unlisted
Match 43688301
Overview
Messages
Build Orders
End
Kradschützen Motorcycle Team
Selects Italian Combined Arms Battlegroup
Selects Bersaglieri Squad
Bersaglieri Squad
Bersaglieri Squad
Construct Light Support Kompanie
2.5-tonne Medical Truck
Construct Mechanized Kompanie
Panzerjäger Squad
Panzerjäger Squad
Support Armor Elements
StuG III D Assault Gun
Selects Bersaglieri Bolster
Selects Breda Model 30 Light Machine Guns
StuG III D Assault Gun
StuG III D Assault Gun
StuG III D Assault Gun
StuG III D Assault Gun
Victor
hogarthw
AthaGeoGR
HermioneGrandG
0
0
Comments
sign in to comment!
No comments posted yet!